 Dungeon Crawl Stone Soup version 0.25-a0-523-g9afb2ee040 (webtiles) character file.

Game seed: 15265508548045468051, levelgen mode: deterministic

760 LairdRich the Chopper (level 7, -1/61 HPs)
             Began as a Minotaur Berserker on Feb 18, 2020.
             Was a Priest of Trog.
             Splashed by a jelly's acid (4 damage)
             ... on level 6 of the Dungeon.
             The game lasted 00:09:25 (4829 turns).

LairdRich the Chopper (Minotaur Berserker)          Turns: 4829, Time: 00:09:26

Health: -1/61      AC:  1    Str: 23    XL:     7   Next: 51%
Magic:  7/7        EV:  8    Int:  4    God:    Trog [***...]
Gold:   327        SH:  0    Dex: 10    Spells: 6/6 levels left

rFire    . . .     SeeInvis .   q - +0 war axe
rCold    . . .     Gourm    .   (no shield)
rNeg     . . .     Faith    .   u - +0 plate armour
rPois    +         Spirit   .   (helmet restricted)
rElec    .         Reflect  .   t - +0 cloak
rCorr    .         Harm     .   (no gloves)
MR       ++...                  (no boots)
Stlth    ..........             (no amulet)
HPRegen  1.20/turn              i - ring of poison resistance
MPRegen  0.10/turn              (no ring)

@: corroded, regenerating
A: retaliatory headbutt, horns 2
a: Berserk, Trog's Hand, Renounce Religion


You were on level 6 of the Dungeon.
You worshipped Trog.
Trog was most pleased with you.
You were hungry.

You visited 1 branch of the dungeon, and saw 6 of its levels.

You collected 327 gold pieces.

Inventory:

Hand Weapons
 q - a +0 war axe (weapon)
Armour
 t - a +0 cloak (worn)
 u - a +0 plate armour (worn)
Jewellery
 e - an uncursed ring of protection from magic
 i - a ring of poison resistance (left hand)
Wands
 f - a wand of polymorph (2)
 o - a wand of iceblast (3)
Scrolls
 h - 11 scrolls of identify
 j - 3 scrolls of amnesia {unknown}
 k - 2 scrolls of teleportation
 n - a scroll of remove curse
 p - 2 scrolls of magic mapping
 r - a scroll of blinking {unknown}
 s - 3 scrolls of enchant armour
Potions
 a - 2 potions of brilliance {unknown}
 b - 2 potions of might {unknown}
 d - 2 potions of magic
 g - 3 potions of heal wounds {unknown}
 l - a potion of curing {unknown}
 m - 2 potions of flight {unknown}
Comestibles
 c - 12 rations


   Skills:
 + Level 5.5 Fighting
 * Level 7.0 Axes
 + Level 4.8 Armour
 + Level 4.4 Dodging
 * Level 2.1 Evocations


You had 6 spell levels left.
You didn't know any spells.
Your spell library was empty.

Dungeon Overview and Level Annotations

Branches:
Dungeon (6/15)             Temple (0/1) D:5

Altars:
Ru

Annotations:
D:6 Maggie


Innate Abilities, Weirdness & Mutations

You reflexively headbutt those who attack you in melee.
You have a pair of horns on your head.


Message History

You are too injured to fight recklessly!
You barely miss Maggie.
Maggie is heavily wounded.
You hit the jelly. The acid corrodes you!
Your hands burn!
* * * LOW HITPOINT WARNING * * *
The jelly closely misses you. You furiously retaliate!
You headbutt the jelly. You hit Maggie.
Maggie is severely wounded.
You hit the jelly. The acid corrodes you!
Your hands burn!
* * * LOW HITPOINT WARNING * * *
Maggie gestures wildly while chanting.
Maggie attempts to bespell you! You resist with almost no effort.
The jelly hits you.
* * * LOW HITPOINT WARNING * * *
The acid corrodes you!
You are splashed with acid!
* * * LOW HITPOINT WARNING * * *
You hit Maggie but do no damage.
Maggie is severely wounded.
You slash the jelly!
Your hands burn!
You die...

.........#
##........##
#..........#
#..........#
#..........#
#.........(#
#...@J.....#
#...@....#
##....<.##
########


You could see Maggie and a jelly.

Vanquished Creatures
  Sigmund (D:3)
  2 ogres
  2 hounds (D:5)
  3 orc wizards
  A centaur skeleton (D:4)
  Jessica (D:3)
  A worker ant (D:4)
  11 adders
  3 oozes
  2 adder skeletons (D:5)
  4 dart slugs
  A leopard gecko (D:5)
  10 orcs
  7 giant cockroaches
  7 goblins
  9 hobgoblins
  2 jackals (D:1)
  3 quokkas
  2 bats
  4 frilled lizards
  10 kobolds
  A leopard gecko skeleton (D:5)
  A leopard gecko zombie (D:5)
  9 rats
97 creatures vanquished.

Vanquished Creatures (others)
  2 adder skeletons (D:5)
  An orc (D:3)
3 creatures vanquished.

Grand Total: 100 creatures vanquished

Notes
Turn   | Place    | Note
-------+----------+-------------------------------------------
     0 | D:1      | LairdRich the Minotaur Berserker began the quest for the
                  | Orb.
     0 | D:1      | Reached XP level 1. HP: 19/19 MP: 0/0
    96 | D:1      | Reached XP level 2. HP: 23/27 MP: 1/1
   173 | D:1      | Reached skill level 4 in Axes
   618 | D:1      | Reached ** piety under Trog
   777 | D:1      | Reached XP level 3. HP: 32/33 MP: 2/2
  1449 | D:2      | Found a sacrificial altar of Ru.
  1450 | D:2      | Reached XP level 4. HP: 40/40 MP: 3/3
  1760 | D:2      | Reached skill level 5 in Axes
  2073 | D:3      | Reached XP level 5. HP: 47/47 MP: 4/4
  2127 | D:3      | Noticed Jessica
  2165 | D:3      | Killed Jessica
  2553 | D:3      | Noticed Sigmund
  2574 | D:3      | Killed Sigmund
  2574 | D:3      | Reached skill level 5 in Fighting
  2574 | D:3      | Reached skill level 6 in Axes
  2574 | D:3      | Reached XP level 6. HP: 41/56 MP: 5/5
  2776 | D:3      | Found a faded altar of an unknown god.
  2840 | D:3      | Reached *** piety under Trog
  3272 | D:4      | Reached skill level 1 in Evocations
  3272 | D:4      | Reached XP level 7. HP: 41/61 MP: 6/6
  3955 | D:5      | Entered Level 5 of the Dungeon
  4414 | D:5      | Reached skill level 7 in Axes
  4541 | D:5      | Found a staircase to the Ecumenical Temple.
  4818 | D:6      | Noticed Maggie
  4828 | D:6      | HP: 3/61 [acid (10)]
  4829 | D:6      | Splashed by a jelly's acid

Levels and vault maps discovered:
D:1:      elethiomel_arrival_quiet, layout_loops_ring
D:2:      layout_loops_ring, first_ration, chequers_arboretum,
          chequers_mini_garden, nicolae_ru_great_annihilating_truth
D:3:      layout_basic, chequers_ecumenical_altar_simple_redux, uniq_jessica,
          uniq_sigmund
D:4:      layout_basic
D:5:      layout_basic, lemuel_temple_firewalk_a, lemuel_flamethrower_1
D:6:      layout_rooms, uniq_maggie

Skill      XL: |  1  2  3  4  5  6  7 |
---------------+----------------------+-----
Axes           | 4 5 6 7 |  7.0
Fighting       | 4 5 |  5.5
Armour         | 3 4 |  4.8
Dodging        | 3 4 |  4.4
Evocations     | 1 2 |  2.1

Action                   |  1- 3 |  4- 6 |  7- 9 || total
-------------------------+-------+-------+-------++-------
Melee: Hand axe          |     8 |    98 |       ||   106
       Short sword       |   100 |    20 |       ||   120
       Headbutt          |    24 |    23 |     7 ||    54
       Unarmed           |       |     3 |       ||     3
       War axe           |       |    13 |    53 ||    66
Invok: Trog's Hand       |       |       |     1 ||     1
  Use: Scroll            |     4 |     3 |       ||     7
 Stab: Paralysed         |       |     1 |       ||     1
  Eat: Chunk             |     2 |     6 |     4 ||    12
Armor: Animal skin       |    23 |       |       ||    23
       Chain mail        |    31 |    55 |    16 ||   102
       Plate armour      |       |       |     6 ||     6
Dodge: Dodged            |    67 |    46 |    28 ||   141

Table legend:
 A = Non-vault XP
 B = Vault XP
 C = Vault XP percentage of total XP
 D = Non-vault monster count
 E = Vault monster count
 F = Vault count percentage of total count
                 A         B        C        D         E       F
            +---------+---------+-------+---------+---------+-------
      Total |     776 |     311 |  28.6 |      92 |       6 |   6.1
            +---------+---------+-------+---------+---------+-------
        D:1 |      49 |       0 |   0.0 |      25 |       0 |   0.0
        D:2 |      66 |      47 |  41.6 |      17 |       4 |  19.0
        D:3 |     117 |     264 |  69.3 |      27 |       2 |   6.9
        D:4 |     310 |       0 |   0.0 |      14 |       0 |   0.0
        D:5 |     234 |       0 |   0.0 |       9 |       0 |   0.0
            +---------+---------+-------+---------+---------+-------
